 Dungeon Crawl Stone Soup version 0.17-a0-1646-geb1493d (webtiles) character file.

1728 karlkraus the Blocker (level 8, 0/70 HPs)
             Began as a Minotaur Fighter on Aug 10, 2015.
             Was an Initiate of Ru.
             Slain by a killer bee (5 damage)
             ... on level 7 of the Dungeon.
             The game lasted 00:11:43 (4681 turns).

karlkraus the Blocker (Minotaur Fighter)            Turns: 4681, Time: 00:11:43

Health: 0/70       AC: 14    Str: 21    XL:     8   Next: 76%
Magic:  7/7        EV:  0    Int:  5    God:    Ru [......]
Gold:   314        SH: 17    Dex: 12    Spells: 0 memorised, 7 levels left

rFire  . . .     SeeInvis .     a - +0 flail
rCold  . . .     Clarity  .     j - +0 crystal plate armour
rNeg   . . .     SustAt   .     q - +0 large shield
rPois  +         Gourm    +     (helmet restricted)
rElec  .         Spirit   .     v - +1 cloak {MR+}
rCorr  .         Warding  .     c - +0 pair of gloves
rMut   .         Stasis   .     (no boots)
MR     +....                    m - amulet of the gourmand
Stlth  ..........               (no ring)
                                (no ring)

@: somewhat resistant to hostile enchantments, extremely unstealthy
A: retaliatory headbutt, horns 2, deformed body, poison resistance
a: Renounce Religion


You were on level 7 of the Dungeon.
You worshipped Ru.
Ru was noncommittal.
You were not hungry.

You visited 2 branches of the dungeon, and saw 8 of its levels.

You collected 314 gold pieces.

Inventory:

Hand weapons
 a - a +0 flail (weapon)
Armour
 c - a +0 pair of gloves (worn)
 j - a +0 crystal plate armour (worn)
 q - a +0 large shield (worn)
 v - a +1 cloak of magic resistance (worn)
Jewellery
 m - an amulet of the gourmand (around neck)
 s - an uncursed ring of protection from cold {unknown}
 y - a +4 ring of strength {unknown}
Magical devices
 d - a wand of enslavement (4)
Scrolls
 b - a scroll of immolation {unknown}
 g - 3 scrolls of remove curse {unknown}
 h - a scroll of magic mapping {unknown}
 i - 2 scrolls of amnesia {unknown}
 l - a scroll of identify {unknown}
 p - a scroll of fog {unknown}
 z - a scroll of teleportation {unknown}
Potions
 f - 2 potions of curing {unknown}
 k - 2 potions of agility {unknown}
 n - 2 potions of poison {unknown}
 o - a potion of cancellation {unknown}
 t - 2 potions of heal wounds {unknown}
 w - 2 potions of might
 x - a potion of resistance {unknown}
 A - a potion of berserk rage {unknown}
 B - a potion of flight {unknown}
Comestibles
 e - 3 bread rations
 r - 5 fruits
 u - a beef jerky


   Skills:
 + Level 6.2 Fighting
 + Level 6.4 Maces & Flails
 + Level 6.5 Armour
 + Level 0.2 Dodging
 + Level 10.0 Shields


You had 7 spell levels left.
You didn't know any spells.

Dungeon Overview and Level Annotations

Branches:
Dungeon (7/15)             Temple (1/1) D:6

Altars:
Ashenzari
Dithmenos
Elyvilon
Fedhas
Gozag
Kikubaaqudgha
Makhleb
Nemelex Xobeh
Okawaru
Qazlal
Ru
Sif Muna
Trog
Vehumet
Xom
Yredelemnul
Zin
The Shining One

Shops:
D:6 =


Innate Abilities, Weirdness & Mutations

You reflexively headbutt those who attack you in melee.
You have a pair of horns on your head.
Armour fits poorly on your strangely shaped body.
Your system is resistant to poisons.


Message History

You block the killer bee's attack. x2
You block the killer bee's attack.
The killer bee stings you but does no damage.
You block the killer bee's attack. The killer bee stings you.
* * * LOW HITPOINT WARNING * * *
You block the killer bee's attack.
The killer bee stings you but does no damage.
You block the killer bee's attack. x4
The killer bee completely misses you. You furiously retaliate!
You headbutt the killer bee! You block the killer bee's attack.
You block the killer bee's attack. You block the killer bee's attack.
The killer bee stings you but does no damage.
You block the killer bee's attack. The killer bee stings you.
* * * LOW HITPOINT WARNING * * *
The killer bee stings you but does no damage.
The killer bee stings you.
* * * LOW HITPOINT WARNING * * *
The killer bee stings you.
You die...

#....## ##.....## #.......##
##....()..###.
#.............
##.).........##
#)...........#
#####.yy.........#
#####.....@y.........#
#######.....##...y.........#
.........######............#
.....##### ##...........#
.....# ###........ ....##
##....... .<..# ##.....
....# #.... ...##


You could see 4 killer bees.

Vanquished Creatures
  Pikel (D:4)
  A sky beast (D:5)
  2 ogres
  A centaur (D:7)
  An orc warrior (D:5)
  Blork the orc (D:4)
  2 giant frogs
  2 scorpions
  3 wights (D:7)
  An orc priest (D:5)
  A giant frog skeleton (D:6)
  Crazy Yiuf (D:4)
  A jelly (D:5)
  A worker ant (D:4)
  A hound skeleton (D:6)
  Robin (D:4)
  8 adders
  3 gnolls (D:3)
  A worker ant zombie (D:7)
  2 shadow imps
  3 worms
  8 orcs
  3 giant cockroaches
  15 goblins
  14 hobgoblins
  6 jackals (D:1)
  8 kobolds
  3 quokkas
  A ball python (D:1)
  7 bats
  12 giant geckos
  5 giant newts
  11 rats
131 creatures vanquished.

Notes
Turn   | Place    | Note
--------------------------------------------------------------
     0 | D:1      | karlkraus the Minotaur Fighter began the quest for the Orb.
     0 | D:1      | Reached XP level 1. HP: 19/19 MP: 0/0
   226 | D:1      | Reached XP level 2. HP: 22/27 MP: 1/1
   304 | D:1      | Reached skill level 4 in Shields
   612 | D:2      | Reached XP level 3. HP: 33/33 MP: 2/2
  1378 | D:3      | Reached XP level 4. HP: 26/41 MP: 3/3
  1684 | D:3      | Reached skill level 5 in Shields
  1780 | D:3      | Found an opulent altar of Gozag.
  1862 | D:3      | Reached XP level 5. HP: 35/47 MP: 4/4
  1940 | D:3      | Found a radiant altar of Vehumet.
  2288 | D:4      | Found a stormy altar of Qazlal.
  2400 | D:4      | Noticed Robin
  2405 | D:4      | Killed Robin
  2548 | D:4      | Reached XP level 6. HP: 49/55 MP: 5/5
  2605 | D:4      | Noticed Blork the orc
  2612 | D:4      | Killed Blork the orc
  2612 | D:4      | Reached skill level 5 in Fighting
  2612 | D:4      | Reached skill level 6 in Shields
  2642 | D:4      | Noticed Pikel
  2642 | D:4      | Noticed a slave
  2642 | D:4      | Noticed a slave
  2642 | D:4      | Noticed a slave
  2643 | D:4      | Noticed a slave
  2651 | D:4      | Killed Pikel
  2651 | D:4      | Reached skill level 5 in Maces & Flails
  2651 | D:4      | Reached skill level 5 in Armour
  2651 | D:4      | Reached skill level 7 in Shields
  2651 | D:4      | Reached XP level 7. HP: 55/61 MP: 6/6
  2722 | D:4      | Noticed Crazy Yiuf
  2733 | D:4      | Killed Crazy Yiuf
  2796 | D:4      | Found an iron altar of Okawaru.
  2797 | D:4      | Noticed an ogre
  2806 | D:4      | Killed an ogre
  2806 | D:4      | Reached skill level 8 in Shields
  2867 | D:5      | Entered Level 5 of the Dungeon
  3015 | D:5      | Reached XP level 8. HP: 60/70 MP: 7/7
  3206 | D:5      | Reached skill level 9 in Shields
  3217 | D:5      | Gained mutation: Armour fits poorly on your strangely shaped body. [mutagenic meat]
  3218 | D:5      | Gained mutation: Your system is resistant to poisons. [mutagenic meat]
  3688 | D:6      | Found a basalt altar of Yredelemnul.
  3795 | D:6      | Found a staircase to the Ecumenical Temple.
  3818 | Temple   | Entered the Ecumenical Temple
  4256 | D:6      | Found a sacrificial altar of Ru.
  4279 | D:6      | Became a worshipper of Ru the Awakened
  4303 | D:6      | Found Omipeip's Jewellery Emporium.
  4671 | D:7      | Reached skill level 10 in Shields
  4681 | D:7      | Slain by a killer bee

Vault maps used:
D:1:      lightli_arrival_lavapool
D:3:      nicolae_gozag_seed_capital, lemuel_crystal_altar,
          kennysheep_another_room
D:4:      nicolae_qazlal_general_emergency, old_standard_altar, uniq_pikel,
          uniq_crazy_yiuf_cottage, uniq_robin, uniq_blork_the_orc
D:5:      first_bread, corexii_corridor_pit
D:6:      nicolae_overflow_crystal_walls, nicolae_ru_sacrificial_ziggurat,
          minmay_temple_entry_junction, serial_shops, kennysheep_mini_moat
Temple:   chambers_temple_12

Action                   |  1- 3 |  4- 6 |  7- 9 || total
-------------------------+-------+-------+-------++-------
Melee: Flail             |   161 |   174 |   157 ||   492
  Use: Potion            |       |     1 |       ||     1
  Eat: Chunk             |     2 |    11 |     6 ||    19
       Royal jelly       |       |     1 |       ||     1
